 Dungeon Crawl Stone Soup version 0.22-a0-197-g4ac3794 (webtiles) character file.

98 Gorglomux the Ruffian (level 4, -5/35 HPs)
             Began as a Mummy Monk on Feb 18, 2018.
             Killed by divine providence
             ... invoked by an orc priest
              (15 damage)
             ... on level 3 of the Dungeon.
             The game lasted 00:02:28 (2964 turns).

Gorglomux the Ruffian (Mummy Monk)                  Turns: 2964, Time: 00:02:29

Health: -5/35      AC:  3    Str: 15    XL:     4   Next: 43%
Magic:  13/13      EV: 13    Int:  9    God:
Gold:   171        SH:  0    Dex: 14    Spells: 3/3 levels left

rFire    . . .     SeeInvis .     - Unarmed
rCold    + . .     Gourm    .   (no shield)
rNeg     + + +     Faith    .   (no armour)
rPois    ∞         Spirit   .   (no helmet)
rElec    .         Reflect  .   e - +2 cloak
rCorr    .         Harm     .   (no gloves)
MR       .....                  (no boots)
Stlth    ++........             (no amulet)
HPRegen  0.11/turn              h - ring of magical power
MPRegen  0.13/turn              f - ring of protection from fire

@: no status effects
A: no food or potions, fire vulnerability, cold resistance 1, negative energy
resistance 3, torment resistance, unbreathing
a: no special abilities


You were on level 3 of the Dungeon.
You were not hungry.

You visited 1 branch of the dungeon, and saw 4 of its levels.

You collected 171 gold pieces.

Inventory:

Armour
 e - a +2 cloak (worn)
Jewellery
 f - a ring of protection from fire (right hand)
 h - a ring of magical power (left hand)
Scrolls
 c - a scroll of amnesia {unknown}
 d - a scroll of identify {unknown}
 g - a scroll of random uselessness {unknown}
 i - a scroll of fog {unknown}
 j - a scroll of remove curse {unknown}
 k - a scroll of magic mapping {unknown}


   Skills:
 - Level 3.0 Fighting
 - Level 2.4 Dodging
 - Level 1.5 Stealth
 + Level 4.3 Unarmed Combat


You had 3 spell levels left.
You didn't know any spells.

Dungeon Overview and Level Annotations

Branches:
Dungeon (4/15)
 Temple: D:4-7

Altars:

Annotations:
D:3 1 exclusion


Innate Abilities, Weirdness & Mutations

You do not eat or drink.
Your flesh is vulnerable to fire.
You are immune to poison.
Your flesh is cold resistant. (rC+)
You are immune to negative energy. (rN+++)
You are immune to unholy pain and torment.
You can survive without breathing.


Message History

The orc butt-ly misses you!
You squash the orc like an ant!
You annihilate the orc!!!
No target in view!!!
You now have 171 gold pieces (gained 12)!
Things that are here:
a club; a leather armour You start resting!
HP restored!
The orc priest is butt butt now for your liking!
The orc priest shouts!!!
You butt a shout!!!
The orc butt invokes the aid of Beogh against you!
Beogh smites you!!!
The butt priest invokes the aid of Beogh against you!
Beogh butts you!!! * * * don't die
* * * You hear a shout!!!
The butt priest butts down the wrath of Beogh upon you!
Beogh smites you!!! rip

.............#########
.....................#
..............[......####
........!...............#
........o............##.#
.........#..........(##.#
..(..o...#...........##.#
.%.....)...........>.##.#
....##.###.o....@....##.#
....##.# #......)....##.#
....##.# #..............#
....##.# #.........).####
....##.# #######.#.###
######.# #.#.#.[ ).<# #.#
#.#.#.###### ####
#.#.#.#....# #.#.#.#...†#


You could see an orc priest.

Vanquished Creatures
  A hound (D:4)
  An adder (D:3)
  2 oozes
  A worm (D:2)
  A dart slug (D:1)
  2 orcs (D:3)
  2 giant cockroaches (D:1)
  7 goblins
  3 hobgoblins
  4 jackals (D:2)
  2 quokkas
  A ball python (D:3)
  5 bats
  3 frilled lizards
  6 kobolds (D:1)
  4 rats
45 creatures vanquished.

Notes
Turn   | Place    | Note
-------+----------+-------------------------------------------
     0 | D:1      | Gorglomux the Mummy Monk began the quest for the Orb.
     0 | D:1      | Reached XP level 1. HP: 18/18 MP: 1/1
   207 | D:1      | Reached XP level 2. HP: 14/24 MP: 2/2
   354 | D:1      | Reached skill level 3 in Unarmed Combat
  1045 | D:2      | Reached XP level 3. HP: 27/29 MP: 3/3
  2080 | D:3      | Reached skill level 4 in Unarmed Combat
  2831 | D:4      | Reached XP level 4. HP: 23/35 MP: 4/4
  2964 | D:3      | Killed from afar by an orc priest

Vault maps used:
D:1:      minmay_arrival_semitransparent, minivault_14, st_stairs_8,
          minmay_misc_feat_diagonals, minmay_fountain_box, minmay_misc_feat_rows
D:2:      kennysheep_generic_room_14
D:3:      cheibrodos_pilgrimage, kennysheep_potato
D:4:      gammafunk_temple_overflow_elements, enter_ossuary_5, first_ration,
          minmay_statues_item, lemuel_statue_altar, uniq_natasha

Skill      XL: |  1  2  3 |
---------------+----------+-----
Unarmed Combat | 3 4 |  4.3
Fighting       | |  3.0
Dodging        | |  2.4
Stealth        | |  1.5

Action                   |  1- 3 |  4- 6 || total
-------------------------+-------+-------++-------
Melee: Unarmed           |   163 |     3 ||   166
       Punch             |     4 |       ||     4
  Use: Scroll            |     1 |       ||     1
 Stab: Sleeping          |     7 |       ||     7
Armor: Robe              |     4 |       ||     4
       Skin              |    21 |       ||    21
Dodge: Dodged            |    91 |     4 ||    95

Table legend:
 A = Spawn XP
 B = Non-spawn XP
 C = Spawn XP percentage of total XP
 D = Spawn monster count
 E = Non-spawn monster count
 F = Spawn count percentage of total count
 G = Total turns spent on level
                    A         B        C        D         E        F      G
               +---------+---------+-------+---------+---------+-------+---------
         Total |       0 |     140 |   0.0 |       0 |      45 |   0.0 |  2964
               +---------+---------+-------+---------+---------+-------+---------
           D:1 |       0 |      33 |   0.0 |       0 |      18 |   0.0 |   915
           D:2 |       0 |      24 |   0.0 |       0 |      13 |   0.0 |  1352
           D:3 |       0 |      40 |   0.0 |       0 |      13 |   0.0 |   624
           D:4 |       0 |      43 |   0.0 |       0 |       1 |   0.0 |    73
               +---------+---------+-------+---------+---------+-------+---------
